AoeStats
← h1dr00n

Arabia

510169215Analyzed
1v1 RM · 2d ago on Sep 29, 2026· 46m 3s· 2 players
Game mode
Random Map
Map size
Tiny (2 player)
Population
200
Speed
Normal
Resources
Standard
Victory
Conquest
Starting age
Dark Age
Ending age
Imperial Age
RankedLock teamsTeams togetherTeam positionsShared explorationLock speedFull tech treeHidden civsTurbo modeCheats
Victory
Defeat
🇩🇪 Lithuanians · Germany
1127
+17
🇧🇷 Magyars · Brazil
1158
-17
h1dr00n
6:17 Loom
9:12 Feudal Age
9:58 Double-Bit Axe
12:28 Horse Collar
14:28 Forging
17:53 Wheelbarrow
21:30 Castle Age
19:38 Gold Mining
20:42 Bloodlines
20:41 Scale Barding Armor
22:48 Bow Saw
25:06 Husbandry
25:47 Heavy Plow
36:46 Imperial Age
35:35 Treadmill Crane
38:18 Fortified Wall
39:09 Chemistry
40:28 Cavalier
41:51 Chain Barding Armor
42:07 Iron Casting
42:22 Padded Archer Armor
44:05 Hand Cart
46:17 Plate Barding Armor
45:58 Leather Archer Armor
hugohugomoreira
8:59 Feudal Age
21:18 Castle Age
19:37 Double-Bit Axe
19:34 Horse Collar
20:30 Gold Mining
20:34 Stone Mining
27:40 Wheelbarrow
28:23 Bow Saw
29:24 Pikeman
35:19 Imperial Age
34:37 Bloodlines
34:55 Husbandry
35:22 Scale Barding Armor
35:54 Heavy Plow
35:22 Cavalier
37:19 Gold Shaft Mining
37:04 Hand Cart
37:40 Chain Barding Armor
38:44 Two-Man Saw
39:24 Conscription
40:43 Plate Barding Armor
40:41 Halberdier
41:59 Paladin
44:04 Parthian Tactics
44:38 Crop Rotation
44:36 Fletching
Connection lost

Rejoining the realm…

Still unreachable

The connection could not be restored.

Session expired

The server has moved on; the page needs a fresh start.